 Dungeon Crawl Stone Soup version 0.29.1-4-g47bece8355 (webtiles) character file.

Game seed: 11668363879114912005

60 gregunderscorem the Insei (level 4, -7/42 HPs)
             Began as an Octopode Transmuter on Dec 2, 2022.
             Mangled by a gnoll
             ... wielding a +0 halberd
              (8 damage)
             ... on level 2 of the Dungeon.
             The game lasted 00:01:28 (1188 turns).

gregunderscorem the Insei (Octopode Transmuter)     Turns: 1188, Time: 00:01:29

Health: -7/42      AC: 22    Str:  9    XL:     4   Next: 4%
Magic:  7/7        EV:  2    Int: 17    God:
Gold:   46         SH:  0    Dex: 12    Spells: 4/7 levels left

rFire   . . .      SeeInvis .   f - +3 dagger
rCold   + . .      Faith    .   (no shield)
rNeg    . . .      Spirit   .   (helmet currently unavailable)
rPois   +          Reflect  .   (no amulet)
rElec   .          Harm     .   b - ring of protection from cold
rCorr   .          Rampage  .   (no ring)
Will    .....      NoTele   +   (no ring)
Stlth   +.........              (no ring)
HPRegen 0.14/turn               (no ring)
MPRegen 0.10/turn               (no ring)
                                (no ring)
                                (no ring)

@: tree-form (expiring)
A: stationary, stasis, torment immunity, boosted hp, almost no armour,
(amphibious), 8 rings, (camouflage 1), (gelatinous body 1), (nimble swimmer 1),
(tentacles)
a: no special abilities


You were on level 2 of the Dungeon.
You were a tree.
You visited 1 branch of the dungeon, and saw 2 of its levels.

You collected 46 gold pieces.

Inventory:

Hand Weapons
 f - a +3 dagger (weapon)
Jewellery
 b - a ring of protection from cold (left branch)
Scrolls
 c - a scroll of amnesia
 d - a scroll of identify
 e - a scroll of teleportation
 g - a scroll of blinking {unknown}


   Skills:
 - Level 1.0 Fighting
 - Level 2.0 Dodging
 + Level 4.0 Unarmed Combat
 - Level 2.0 Spellcasting
 + Level 3.2 Transmutations


You had 4 spell levels left.
You knew the following spells:

 Your Spells              Type           Power      Damage    Failure   Level
a - Beastly Appendage     Tmut           24%        N/A       4%          1
b - Wereblood             Tmut           12%        N/A       8%          2

Your spell library contained the following spells:

 Spells                   Type           Power      Damage    Failure   Level
 Spider Form              Tmut/Pois      7%         N/A       30%         3
 Ice Form                 Ice/Tmut       7%         N/A       69%         4


Dungeon Overview and Level Annotations

Branches:
Dungeon (2/15)

Altars:

Annotations:
D:2 Jessica, Terence


Innate Abilities, Weirdness & Mutations

You are a tree.
Your roots penetrate the ground, keeping you stationary.
You cannot be teleported.
You are immune to unholy pain and torment.
Your maximum health is greatly increased.
You cannot wear most types of armour.
((You are amphibious.))
You can wear up to eight rings at the same time.
((Your skin changes colour to match your surroundings (Stealth+).))
((Your rubbery body absorbs attacks. (AC +1, EV +1)))
((You are camouflaged when in or above water. (Stealth+)))
((You have tentacles for arms and can constrict up to eight enemies at once.))


Message History

You hit the hobgoblin.
You kill the hobgoblin!
The gnoll hits you from afar with a +0 halberd.
Your Unarmed Combat skill increases to level 4!
You closely miss the kobold.
The gnoll hits you from afar with a +0 halberd.
* * * LOW HITPOINT WARNING * * *
The kobold hits you but does no damage.
You miss the kobold. The gnoll hits you but does no damage.
The kobold hits you but does no damage.
You hit the kobold.
The kobold is severely wounded.
The gnoll hits you but does no damage. The kobold hits you but does no damage.
You hit the kobold.
The kobold is severely wounded.
The kobold hits you but does no damage. The gnoll hits you but does no damage.
You closely miss the kobold.
The kobold is severely wounded.
The gnoll hits you from afar with a +0 halberd.
* * * LOW HITPOINT WARNING * * *
The kobold hits you but does no damage.
You hit the kobold.
You kill the kobold!
Your transformation is almost over.
Jessica gestures wildly while chanting.
Jessica blinks!
The gnoll hits you from afar with a +0 halberd.
* * * LOW HITPOINT WARNING * * *
The gnoll hits you from afar with a +0 halberd.
* * * LOW HITPOINT WARNING * * *
Terence hits you but does no damage. The gnoll completely misses you.
You aren't carrying any potions.
As you read the scroll labelled TANAQIGHYU, it crumbles to dust.
It is a scroll of identify.
c - a scroll of amnesia The gnoll hits you but does no damage.
Terence hits you but does no damage.
As you read the scroll of identify, it crumbles to dust.
e - a scroll of teleportation The gnoll hits you from afar with a +0 halberd!
You die...

########.....#.#
#####.#####.#
#.......#
#..#########
#.............
#.#########..#
#.....# #..#
o.⌠#...###.#
#..# ..$#.###
#♣# ..# . #.
#@##.# #
##gg..##
#.g....#
###.#...g...
#.#.......
..#......g
#.##....... ..
.......


You could see Terence and 3 gnolls.

Vanquished Creatures
  Natasha (D:2)
  An adder (D:2)
  A dart slug (D:1)
  2 ball pythons (D:1)
  2 endoplasms (D:1)
  2 goblins (D:1)
  3 hobgoblins
  4 kobolds
  2 quokkas (D:1)
  3 frilled lizards
  4 rats (D:1)
25 creatures vanquished.

Notes
Turn   | Place    | Note
-------+----------+-------------------------------------------
     0 | D:1      | gregunderscorem the Octopode Transmuter began the quest for
                  | the Orb.
     0 | D:1      | Reached XP level 1. HP: 13/13 MP: 3/3
    70 | D:1      | Reached XP level 2. HP: 16/18 MP: 5/5
    79 | D:1      | Learned a level 2 spell: Wereblood
   306 | D:1      | Found a faded altar of an unknown god.
   943 | D:1      | Reached XP level 3. HP: 18/23 MP: 6/6
  1156 | D:2      | Noticed Jessica
  1157 | D:2      | Noticed Natasha
  1157 | D:2      | Noticed Terence
  1175 | D:2      | Killed Natasha
  1176 | D:2      | Reached XP level 4. HP: 19/28 MP: 7/7
  1179 | D:2      | Reached skill level 4 in Unarmed Combat
  1185 | D:2      | HP: 1/42 [gnoll/+0 halberd (3)]
  1188 | D:2      | Mangled by a gnoll

Illustrated notes

Levels and vault maps discovered:
D:1:      dpeg_arrival_court, layout_loops_ring,
          shapermc_ecumenical_altar_pompeii
D:2:      cheibrodos_pilgrimage, layout_basic, uniq_sigmund, uniq_terence,
          uniq_jessica, uniq_natasha

Skill      XL: |  1  2  3  4 |
---------------+-------------+-----
Transmutations | 3 |  3.2
Unarmed Combat | 4 |  4.0
Fighting       | |  1.0
Dodging        | |  2.0
Spellcasting   | |  2.0

Action                   |  1- 3 |  4- 6 || total
-------------------------+-------+-------++-------
Melee: Unarmed           |    42 |       ||    42
       Tentacles         |     9 |       ||     9
       Constrict         |    14 |       ||    14
       Kick              |     2 |       ||     2
       Punch             |     2 |       ||     2
       Dagger            |    22 |     9 ||    31
 Cast: Beastly Appendage |     3 |       ||     3
  Use: Potion            |     1 |       ||     1
       Scroll            |       |     2 ||     2
 Stab: Sleeping          |     3 |       ||     3
       Distracted        |     1 |       ||     1
Armor: Skin              |    12 |    12 ||    24
Dodge: Dodged            |    31 |     1 ||    32
